 Dungeon Crawl Stone Soup version 0.27.1 (webtiles) character file.

Game seed: 10353092437515639236

170 Malachi the Vexing (level 5, -12/28 HPs)
             Began as a Deep Elf Enchanter on Aug 21, 2021.
             Was a Believer of Vehumet.
             Mangled by a two-headed ogre (15 damage)
             ... on level 4 of the Dungeon.
             The game lasted 00:07:16 (3251 turns).

Malachi the Vexing (Deep Elf Enchanter)             Turns: 3251, Time: 00:07:17

Health: -12/28     AC:  3    Str:  5    XL:     5   Next: 26%
Magic:  10/13      EV: 13    Int: 21    God:    Vehumet [**....]
Gold:   102        SH:  0    Dex: 17    Spells: 4/12 levels left

rFire    . . .     SeeInvis .   a - +2 dagger
rCold    + . .     Faith    .   (no shield)
rNeg     . . .     Spirit   .   b - +0 robe
rPois    +         Reflect  .   (no helmet)
rElec    .         Harm     .   (no cloak)
rCorr    .         Rampage  .   h - +0 pair of gloves
Will     .....                  (no boots)
Stlth    +++.......             (no amulet)
HPRegen  0.09/turn              e - ring of Kieps {rPois rC+ Dex+2}
MPRegen  0.13/turn              (no ring)

@: no status effects
A: no striking features
a: Renounce Religion


You were on level 4 of the Dungeon.
You worshipped Vehumet.
Vehumet was pleased with you.
You visited 1 branch of the dungeon, and saw 4 of its levels.

You collected 102 gold pieces.

Inventory:

Hand Weapons
 a - a +2 dagger (weapon)
 g - a +2 hand axe of electrocution
Armour
 b - a +0 robe (worn)
 h - a +0 pair of gloves (worn)
Jewellery
 e - the ring of Kieps (left hand) {rPois rC+ Dex+2}
   (You acquired it on level 1 of the Dungeon)

   [ring of protection from cold]

   Dex:       It affects your dexterity (+2).
   rC:        It protects you from cold.
   rPois:     It protects you from poison.
Scrolls
 i - a scroll of magic mapping
 k - a scroll of enchant weapon
 n - a scroll of enchant armour
 o - a scroll of silence {unknown}
Potions
 c - a potion of degeneration {unknown}
 d - 2 potions of mutation {unknown}
 f - a potion of brilliance {unknown}
 j - a potion of attraction {unknown}
 l - a potion of resistance {unknown}
 m - a potion of curing {unknown}


   Skills:
 - Level 1.5 Short Blades
 + Level 2.9 Dodging
 + Level 5.0 Stealth
 + Level 4.1 Spellcasting
 + Level 5.5 Hexes
 + Level 1.0 Ice Magic
 + Level 0.2 Air Magic
 + Level 0.4 Poison Magic


You had 4 spell levels left.
You knew the following spells:

 Your Spells              Type           Power      Damage    Failure   Level
a - Corona                Hex            30%        N/A       1%          1
b - Ensorcelled Hibernat  Hex/Ice        36%        N/A       4%          2
c - Confusing Touch       Hex            27%        N/A       3%          3
d - Poisonous Vapours     Pois/Air       10%        N/A       16%         2

Your spell library contained the following spells:

 Spells                   Type           Power      Damage    Failure   Level
 Tukima's Dance           Hex            27%        N/A       3%          3
 Dazzling Flash           Conj/Hex       32%        N/A       12%         3


Dungeon Overview and Level Annotations

Branches:
Dungeon (4/15)
 Temple: D:4-7

Altars:
Ashenzari
Nemelex Xobeh
Vehumet

Shops:
D:1 [


Message History

o - a scroll labelled EGHYXE OCZEDOF
Okay, then.
You open the door.
Found a sparkling altar of Nemelex Xobeh.
There is an open door here.
There is a shaft here.
You open the door.
There is an open door here.
A two-headed ogre comes into view. It is wielding two +0 giant clubs.
Found a dagger.
The two-headed ogre moves out of view.
A two-headed ogre is nearby!
Casting: Ensorcelled Hibernation (safe; 4% risk of failure)
Confirm with . or Enter, or press ? or * to list all spells.
Aiming: Ensorcelled Hibernation (safe; 4% risk of failure)
Press: ? - help, Shift-Dir - straight line, f - two-headed ogre
Aim: a two-headed ogre, wielding two +0 giant clubs (chance to affect: 31%)
The two-headed ogre easily resists.
Casting: Ensorcelled Hibernation (safe; 4% risk of failure)
Confirm with . or Enter, or press ? or * to list all spells.
Aiming: Ensorcelled Hibernation (safe; 4% risk of failure)
Press: ? - help, Shift-Dir - straight line, f/p - two-headed ogre
Aim: a two-headed ogre, wielding two +0 giant clubs (chance to affect: 31%)
The two-headed ogre easily resists.
Casting: Ensorcelled Hibernation (safe; 4% risk of failure)
Confirm with . or Enter, or press ? or * to list all spells.
Aiming: Ensorcelled Hibernation (safe; 4% risk of failure)
Press: ? - help, Shift-Dir - straight line, f/p - two-headed ogre
Aim: a two-headed ogre, wielding two +0 giant clubs (chance to affect: 31%)
The two-headed ogre looks drowsy...
The helpless two-headed ogre fails to defend itself.
You impale the two-headed ogre!!
The two-headed ogre is heavily wounded.
The two-headed ogre hits you with a +0 giant club!!
Ouch! That really hurt!
* * * LOW HITPOINT WARNING * * *
The two-headed ogre barely misses you.
The two-headed ogre completely misses you.
The two-headed ogre hits you with a +0 giant club!
Ouch! That really hurt!
You die...

########################
#.#......†............)...
#.#....###.#############..
#.#.^..#.@...##....... #..
#.#.....O###..........##..
#.##....##.##...#######...
#.#....##...##.......<.... #
#.#...##.._^^##...........
########.#..##.......##..#####...
.........#.##.......^.##.# #...
#########..#...#####^.^#.# ##.#
#.....#....##^'#.#.#'.##.# #.#


You could see a two-headed ogre.

Vanquished Creatures
  Natasha (thrice) (D:3)
  An iguana (D:4)
  3 adders
  A worm (D:3)
  A dart slug (D:3)
  An orc (D:3)
  2 endoplasms
  2 giant cockroaches (D:2)
  4 goblins
  4 hobgoblins
  2 jackals (D:3)
  2 kobolds
  2 quokkas
  3 ball pythons
  3 bats
  4 frilled lizards
  6 rats
44 creatures vanquished.

Notes
Turn   | Place    | Note
-------+----------+-------------------------------------------
     0 | D:1      | Malachi the Deep Elf Enchanter began the quest for the Orb.
     0 | D:1      | Reached XP level 1. HP: 10/10 MP: 6/6
    28 | D:1      | Found a faded altar of an unknown god.
    43 | D:1      | Became a worshipper of Vehumet
    43 | D:1      | Reached * piety under Vehumet
    43 | D:1      | Offered knowledge of Magic Dart by Vehumet.
   366 | D:1      | Found Kiwoonuk's Armour Boutique.
   979 | D:1      | Identified a scroll of acquirement
   979 | D:1      | Acquired the ring of Kieps {rPois rC+ Dex+2}
  1152 | D:2      | Reached XP level 2. HP: 15/15 MP: 8/8
  1165 | D:2      | Learned a level 2 spell: Ensorcelled Hibernation
  1611 | D:2      | Reached XP level 3. HP: 19/19 MP: 6/9
  2104 | D:3      | Noticed Natasha
  2120 | D:3      | Offered knowledge of Poisonous Vapours by Vehumet.
  2124 | D:3      | Learned a level 2 spell: Poisonous Vapours
  2140 | D:3      | Killed Natasha
  2141 | D:3      | Reached skill level 5 in Hexes
  2158 | D:3      | Learned a level 3 spell: Confusing Touch
  2227 | D:3      | Reached XP level 4. HP: 24/24 MP: 9/11
  2231 | D:3      | Reached ** piety under Vehumet
  2342 | D:3      | Noticed Natasha
  2362 | D:3      | Killed Natasha
  2565 | D:3      | Noticed Natasha
  2573 | D:3      | Killed Natasha
  2759 | D:3      | Reached XP level 5. HP: 22/28 MP: 13/13
  3057 | D:4      | Found a broken altar of Ashenzari.
  3096 | D:4      | Reached skill level 5 in Stealth
  3096 | D:4      | Reached skill level 1 in Ice Magic
  3199 | D:4      | Found a sparkling altar of Nemelex Xobeh.
  3220 | D:4      | Noticed a two-headed ogre
  3225 | D:4      | HP: 1/28 [two-headed ogre (27)]
  3251 | D:4      | Mangled by a two-headed ogre

Illustrated notes

Levels and vault maps discovered:
D:1:      lemuel_arrival_broad_hall, layout_basic, serial_shops, shop,
          shapermc_ecumenical_altar_starsandcircs
D:2:      layout_rooms, minmay_worlds_worst_comb
D:3:      layout_basic, uniq_natasha
D:4:      layout_basic, general_overflow_altar, nemelex_spade_bored_becter,
          minmay_temple_entry_ruins, serial_glass, glass_columns_a,
          glass_columns_b, glass_columns_a, glass_columns_a

Skill      XL: |  1  2  3  4  5 |
---------------+----------------+-----
Stealth        | 4 5 |  5.0
Hexes          | 5 |  5.5
Spellcasting   | 4 |  4.1
Ice Magic      | 1 |  1.0
Short Blades   | |  1.5
Dodging        | |  2.9
Air Magic      | |  0.2
Poison Magic   | |  0.4

Action                   |  1- 3 |  4- 6 || total
-------------------------+-------+-------++-------
Melee: Dagger            |    58 |    51 ||   109
 Cast: Corona            |    12 |       ||    12
       Ensorcelled Hiber |     8 |    17 ||    25
       Poisonous Vapours |     3 |       ||     3
       Confusing Touch   |       |     4 ||     4
  Use: Scroll            |     4 |     3 ||     7
 Stab: Sleeping          |    13 |    13 ||    26
       Confused          |       |     4 ||     4
Armor: Robe              |    10 |     3 ||    13
Dodge: Dodged            |    40 |    22 ||    62
